 Dungeon Crawl Stone Soup version 0.29-a0-284-gf9362112df (webtiles) character file.

Game seed: 4222204419288685095

2 Zonian the Chiller (level 1, -1/9 HPs)
             Began as a Vine Stalker Ice Elementalist on Mar 25, 2022.
             Slain by a kobold
             ... wielding a +0 dagger
              (3 damage)
             ... on level 1 of the Dungeon.
             The game lasted 00:00:15 (86 turns).

Zonian the Chiller (Vine Stalker Ice Elementalist)    Turns: 86, Time: 00:00:15

Health: -1/9       AC:  2    Str: 10    XL:     1   Next: 30%
Magic:  0/4        EV: 12    Int: 15    God:
Gold:   0          SH:  0    Dex: 14    Spells: 3/4 levels left

rFire   . . .      SeeInvis .   (no weapon)
rCold   . . .      Faith    .   (no shield)
rNeg    . . .      Spirit   +   a - +0 robe
rPois   .          Reflect  .   (no helmet)
rElec   .          Harm     .   (no cloak)
rCorr   .          Rampage  .   (no gloves)
Will    .....                   (no boots)
Stlth   ++........              (no amulet)
HPRegen 0.03/turn               (no ring)
MPRegen 0.09/turn               (no ring)

@: no status effects
A: fangs 2, magic shield, antimagic bite, no potion heal 2
a: no special abilities


You were on level 1 of the Dungeon.
You visited 1 branch of the dungeon, and saw 1 of its levels.

Inventory:

Armour
 a - a +0 robe (worn)
Potions
 b - a potion of magic


   Skills:
 + Level 1.6 Dodging
 + Level 2.5 Stealth
 + Level 2.2 Spellcasting
 + Level 4.0 Ice Magic


You had 3 spell levels left.
You knew the following spells:

 Your Spells              Type           Power      Damage    Failure   Level
a - Freeze                Ice            52%        1d7       4%          1

Your spell library contained the following spells:

 Spells                   Type           Power      Damage    Failure   Level
 Frozen Ramparts          Ice            26%        1d4       13%         3
 Ozocubu's Armour         Ice            13%        N/A       13%         3
 Hailstorm                Conj/Ice       7%         3d4       67%         4


Dungeon Overview and Level Annotations

Branches:
Dungeon (1/15)

Altars:


Innate Abilities, Weirdness & Mutations

You have extremely sharp teeth.
When hurt, damage is shared between your health and your magic reserves.
Your bite disrupts and absorbs the magic of your enemies.
Potions cannot restore your health.


Message History

Unknown command.
HP restored.
Found 25 stones.
Found a stone staircase leading down.
A rat comes into view.
Unknown command.
A ball python comes into view.
There is a stone staircase leading down here.
The helpless rat fails to defend itself.
You hit the rat.
You kill the rat!
Unknown command.
A kobold comes into view. It is wielding a +0 club.
Found a scroll labelled RYDWATHROFES.
The kobold shouts!
You see here a rat corpse.
A kobold comes into view. It is wielding a +0 dagger.
The ball python hisses angrily.
The kobold barely misses you.
You hit the kobold but do no damage. The kobold hits you with a +0 club.
Unknown command.
You hit the kobold.
The kobold is moderately wounded.
The kobold hits you but does no damage.
You barely miss the kobold. You bite the kobold, but do no damage.
The kobold is moderately wounded.
The ball python barely misses you. The ball python grabs you.
The ball python constricts you. The kobold hits you but does no damage.
The ball python barely misses you. The ball python constricts you.
You hit the ball python but do no damage.
The ball python bites you. The ball python constricts you.
The kobold hits you with a +0 club.
Unknown command.
You closely miss the ball python. The ball python barely misses you.
The ball python constricts you. The kobold hits you with a +0 club.
* * * LOW HITPOINT WARNING * * *
The kobold hits you but does no damage.
Unknown command.
You escape the ball python's grasp.
The kobold attacks as you move away! The kobold hits you with a +0 dagger.
You die...

... .. ..##. ..#.
.# ... ?###
###..###...
###........#
......K....#
#..K@S..#
.####.......#####
#.................
##........†...#####
#.....(..>....#
#......$...##...#
#..........# ##...
#..........# ##..
## #..........# #


You could see a ball python and 2 kobolds.

Vanquished Creatures
  A ball python (D:1)
  2 rats (D:1)
3 creatures vanquished.

Notes
Turn   | Place    | Note
-------+----------+-------------------------------------------
     0 | D:1      | Zonian the Vine Stalker Ice Elementalist began the quest
                  | for the Orb.
     0 | D:1      | Reached XP level 1. HP: 9/9 MP: 4/4
    86 | D:1      | Slain by a kobold

Illustrated notes

Levels and vault maps discovered:
D:1:      lemuel_arrival_behind_the_door_small, layout_rooms,
          kennysheep_pointless_box

Action                   || total
-------------------------++-------
Melee: Unarmed           ||     8
       Bite              ||     2
 Cast: Freeze            ||     1
 Stab: Sleeping          ||     1
Armor: Robe              ||     5
Dodge: Dodged            ||     6

Table legend: (Time is in decaauts)
 A = Elapsed time spent in this place.
 B = Non-inter-level travel time spent in this place.
 C = Inter-level travel time spent in this place.
 D = Time resting spent in this place.
 E = Time spent auto-exploring this place.
 F = Levels seen in this place.
 G = Mean time per level.
                   A        B        C        D        E       F      G
               +--------+--------+--------+--------+--------+-----+--------+
         Total |     86 |     86 |      0 |      0 |     54 |   1 |   86.0 |
       Dungeon |     86 |     86 |      0 |      0 |     54 |   1 |   86.0 |
               +--------+--------+--------+--------+--------+-----+--------+

Top non-repeatable levels by time:
     D:1: 86 daAuts
